 Dungeon Crawl Stone Soup version 0.19.4-9-g45fd643 (webtiles) character file.

233 vatarom the Chiller (level 5, -13/45 HPs)
             Began as a Draconian Ice Elementalist on Feb 19, 2017.
             Mangled by an ogre
             ... wielding a +0 giant club
              (20 damage)
             ... on level 6 of the Dungeon.
             The game lasted 00:06:56 (2614 turns).

vatarom the Chiller (Draconian Ice Elementalist)    Turns: 2614, Time: 00:06:57

Health: -13/45     AC: 13    Str: 10    XL:     5   Next: 74%
Magic:  0/8        EV: 12    Int: 16    God:
Gold:   129        SH:  0    Dex: 14    Spells: 3 memorised, 2 levels left

rFire  . . .     SeeInvis .     c - +0 whip
rCold  + . .     Gourm    .     (armour unavailable)
rNeg   . . .     Faith    .     (no shield)
rPois  .         Spirit   .     (helmet restricted)
rElec  .         Reflect  .     k - +0 cloak
rCorr  .         Harm     .     e - +1 pair of gloves
MR     +....                    (no boots)
Stlth  ++........               (no amulet)
                                (no ring)
                                (no ring)

@: icy armour, slow
A: unfitting armour, agile 1, cold resistance 1, magic resistance 1,
cold-blooded, AC +5
a: no special abilities


You were on level 6 of the Dungeon.
You were not hungry.

You visited 1 branch of the dungeon, and saw 4 of its levels.

You collected 129 gold pieces.

Inventory:

Hand Weapons
 c - a +0 whip (weapon)
Armour
 e - a +1 pair of gloves (worn)
 k - a +0 cloak (worn)
Jewellery
 g - an uncursed ring of positive energy {unknown}
Scrolls
 j - a scroll of enchant armour
 l - a scroll of identify
Books
 a - a book of Frost

   Spells                             Type                      Level
   a - Freeze                         Ice                          1
   b - Throw Frost                    Conjuration/Ice              2
   c - Ozocubu's Armour               Charms/Ice                   3
   d - Throw Icicle                   Conjuration/Ice              4
   e - Summon Ice Beast               Ice/Summoning                4
Comestibles
 b - 3 bread rations
 d - 2 beef jerkies
 f - 2 meat rations
 h - a royal jelly
 i - 3 chunks of flesh


   Skills:
 - Level 3.0 Fighting
 - Level 1.7 Dodging
 - Level 1.7 Stealth
 - Level 2.0 Spellcasting
 + Level 3.5 Conjurations
 + Level 4.5 Ice Magic


You had 2 spell levels left.
You knew the following spells:

 Your Spells              Type           Power        Failure   Level  Hunger
a - Freeze                Ice            ###.         3%          1    #......
b - Throw Frost           Conj/Ice       ##....       8%          2    ###....
c - Ozocubu's Armour      Chrm/Ice       #.......     28%         3    ###....


Dungeon Overview and Level Annotations

Branches:
Dungeon (3/15)

Altars:
Nemelex Xobeh


Innate Abilities, Weirdness & Mutations

Your plain brown scales are hard. (AC +5)
You cannot fit into any form of body armour.
You are cold-blooded and may be slowed by cold attacks.
You are agile. (Dex +2)
Your flesh is cold resistant. (rC+)
You are resistant to hostile enchantments. (MR+)


Message History

Confirm with . or Enter, or press ? or * to list all spells.
Aiming: Freeze
Press: ? - help, Shift-Dir - straight line, f/p - ogre
Aim: an ogre, wielding a giant club (severely wounded)
You freeze the ogre.
The ogre is almost dead.
The ogre closely misses you. The ogre barely misses you.
Casting: Freeze
Confirm with . or Enter, or press ? or * to list all spells.
Okay, then.
Casting: Freeze
Confirm with . or Enter, or press ? or * to list all spells.
Aiming: Freeze
Press: ? - help, Shift-Dir - straight line, f/p - ogre
Aim: an ogre, wielding a giant club (severely wounded)
You freeze the ogre.
The ogre is almost dead.
The ogre hits you with a giant club!!
You die...

+. ........#########.#####...
#.## #.# #......................
#... #.#.....#######..#######...
#..##.#.#.# #.## #... #...#.#.#.#
#.# #... #.......#.# #.# #...
##....##.# #####.# ####
##....###.# ###.....#
###...#...#.# #.@O##### ####
#...###.#.#.###.### #... ...##
#.#.....#.# #...
>...###.##..#...# #...
........##.##..###############...
...................>.............
.#######.......###############...
.# #..........# #... ##
#.......#..# #...


You could see an ogre.

Vanquished Creatures
  A centaur (D:6)
  A quasit (D:6)
  Robin (D:2)
  A gnoll (D:1)
  2 adders (D:2)
  A worm (D:2)
  A dart slug (D:3)
  2 leopard geckos
  An orc (D:6)
  A ball python (D:2)
  A giant cockroach (D:1)
  15 goblins
  8 hobgoblins
  9 jackals
  13 kobolds
  A quokka (D:2)
  3 bats (D:1)
  3 frilled lizards
  5 rats
70 creatures vanquished.

Vanquished Creatures (others)
  2 plants (D:2)
2 creatures vanquished.

Grand Total: 72 creatures vanquished

Notes
Turn   | Place    | Note
-------+----------+-------------------------------------------
     0 | D:1      | vatarom the Draconian Ice Elementalist began the quest for the Orb.
     0 | D:1      | Reached XP level 1. HP: 14/14 MP: 3/3
   130 | D:1      | Reached skill level 1 in Fighting
   305 | D:1      | Reached XP level 2. HP: 24/24 MP: 0/5
   724 | D:1      | Reached XP level 3. HP: 4/31 MP: 0/6
   784 | D:1      | Learned a level 2 spell: Throw Frost
   788 | D:1      | Learned a level 3 spell: Ozocubu's Armour
  1240 | D:2      | Noticed Robin
  1321 | D:2      | Killed Robin
  1323 | D:2      | Reached XP level 4. HP: 9/38 MP: 1/7
  1731 | D:2      | Found a sparkling altar of Nemelex Xobeh.
  2046 | D:3      | You fall through a shaft for 3 floors!
  2090 | D:6      | Noticed a centaur
  2098 | D:6      | Gained mutation: You are agile. (Dex +2) [potion of mutation]
  2098 | D:6      | Gained mutation: You are resistant to hostile enchantments. (MR+) [potion of mutation]
  2098 | D:6      | Gained mutation: Your flesh is cold resistant. (rC+) [potion of mutation]
  2111 | D:6      | Killed a centaur
  2111 | D:6      | Reached skill level 4 in Ice Magic
  2111 | D:6      | Reached XP level 5. HP: 23/45 MP: 0/8
  2593 | D:6      | Noticed an ogre
  2614 | D:6      | Mangled by an ogre

Skill      XL: |  1  2  3  4 |
---------------+-------------+-----
Fighting       | 1 3 |  3.0
Conjurations   | 3 |  3.5
Ice Magic      | 4 |  4.5
Dodging        | |  1.7
Stealth        | |  1.7
Spellcasting   | |  2.0

Action                   |  1- 3 |  4- 6 || total
-------------------------+-------+-------++-------
Melee: Unarmed           |     8 |       ||     8
       Whip              |    72 |   101 ||   173
       Tailslap          |     7 |     6 ||    13
 Cast: Freeze            |    37 |    32 ||    69
       Ozocubu's Armour  |     2 |     3 ||     5
       Throw Frost       |       |     1 ||     1
  Use: Scroll            |     3 |     2 ||     5
       Potion            |     3 |     3 ||     6
 Stab: Sleeping          |     1 |     1 ||     2
  Eat: Chunk             |     2 |     6 ||     8
Armor: Skin              |    33 |    64 ||    97
Dodge: Dodged            |    81 |    95 ||   176
